 Dungeon Crawl Stone Soup version 0.18.1-48-g4cf74bf (webtiles) character file.

1801 PossumBlood the Fighter (level 9, -5/78 HPs)
             Began as a Formicid Fighter on Aug 22, 2016.
             Was a Believer of Okawaru.
             Killed by divine providence
             ... invoked by an orc priest
              (9 damage)
             ... on level 9 of the Dungeon.
             The game lasted 00:10:44 (5187 turns).

PossumBlood the Fighter (Formicid Fighter)          Turns: 5187, Time: 00:10:45

Health: -5/78      AC: 13    Str: 24    XL:     9   Next: 30%
Magic:  9/9        EV:  1    Int:  8    God:    Okawaru [**....]
Gold:   187        SH: 11    Dex: 10    Spells: 0 memorised, 8 levels left

rFire  . . .     SeeInvis +     a - +1 war axe
rCold  . . .     Gourm    .     i - +0 plate armour
rNeg   . . .     Faith    .     c - +0 shield
rPois  .         Spirit   .     (helmet unavailable)
rElec  .         Dismiss  .     (no cloak)
rCorr  .         Reflect  .     (no gloves)
SustAt .         Harm     .     (no boots)
MR     .....                    (no amulet)
Stlth  ..........               (no ring)
                                n - ring of stealth

@: lethally poisoned (-5 -> -7), not resistant to hostile enchantments,
extremely unstealthy
A: permanent stasis, dig shafts and tunnels, four strong arms, antennae 3
a: Dig, Shaft Self, Heroism, Renounce Religion


You were on level 9 of the Dungeon.
You worshipped Okawaru.
Okawaru was pleased with you.
You were hungry.

You visited 1 branch of the dungeon, and saw 8 of its levels.

You collected 187 gold pieces.

Inventory:

Hand Weapons
 a - a +1 war axe (weapon)
Armour
 c - a +0 shield (worn)
 i - a +0 plate armour (worn)
 u - the cursed +1 robe of the Assorted Songs {*Drain rCorr Slay+6}
   (You found it on level 5 of the Dungeon)

   It affects your accuracy and damage with ranged weapons and melee attacks
   (+6).
   It protects you from acid and corrosion.
   It causes draining when unequipped.
   It has a curse placed upon it.
Jewellery
 n - a ring of stealth (left hand)
Wands
 m - a wand of acid (13/15)
 p - a wand of random effects (21/48)
 v - a wand of flame (34/48)
 w - a wand of random effects (31/48)
Scrolls
 b - a scroll of identify
 q - 2 scrolls of fear
 r - 3 scrolls of remove curse
Potions
 d - a potion of might
 f - a potion of lignification {unknown}
 j - 3 potions of magic {unknown}
 k - 3 potions of flight {unknown}
 l - 2 potions of curing {unknown}
 o - a potion of invisibility {unknown}
 s - a potion of brilliance {unknown}
 t - a potion of haste {unknown}
Comestibles
 g - 5 meat rations
 h - 2 beef jerkies


   Skills:
 * Level 9.7 Fighting
 - Level 2.0 Axes
 + Level 6.8 Armour
 + Level 7.5 Shields


You had 8 spell levels left.
You didn't know any spells.

Dungeon Overview and Level Annotations

Branches:
Dungeon (7/15)
 Temple: D:4-7

Altars:
Fedhas
Gozag
Makhleb
Okawaru
Pakellas
Qazlal
Zin


Innate Abilities, Weirdness & Mutations

You are under a permanent stasis effect.
You can dig through walls and to a lower floor.
Your four strong arms can wield two-handed weapons with a shield.
You have a pair of large antennae on your head (SInv).


Message History

The orc wizard barely misses you.
You feel sick.
The orc wizard mumbles some strange words.
The orc wizard blinks!
You feel sick.
The shadow imp summons a swarm of flies.
The orc wizard casts a spell.
The orc wizard blinks!
You block the giant gecko's attack.
An orc priest comes into view. It is wielding a falchion.
The orc priest shouts!
The orc priest casts a cantrip, but nothing happens.
An orc priest comes into view. It is wielding a club.
You feel sick.
The orc priest shouts!
You feel sick.
There is a stone staircase leading up here.
The giant gecko bites you but does no damage.
The orc priest mumbles some strange prayers to Beogh against you.
Beogh smites you!
You die...

.....................
........................
............o.Y.........
...........oo...........
........................
..........W............#
.........oT...........##
........5............##
.......@lo..........##
#####################


You could see a troll, a phantom, an orc warrior, an ice beast, 2 orc priests,
an orc wizard, a shadow imp, an orc and a giant gecko.

Vanquished Creatures
  The ghost of PossumBlood the Skirmisher, an amateur FoFi (D:4)
  Duvessa (D:7)
  A water moccasin (D:7)
  An ice beast (D:5)
  A phantom (D:5)
  4 ogres
  A centaur (D:5)
  2 giant frogs (D:6)
  Dowan (D:7)
  A crimson imp (D:2)
  A giant frog zombie (D:5)
  2 jellies
  A quasit (D:7)
  A hound (D:4)
  2 orc priests
  A centaur skeleton (D:4)
  2 orc wizards (D:3)
  4 worker ants
  7 gnolls
  7 adders
  A shadow imp (D:7)
  2 worms (D:3)
  3 dart slugs
  4 giant geckos
  22 orcs
  5 giant cockroaches
  7 goblins
  5 hobgoblins
  4 kobolds
  5 quokkas
  A ball python (D:3)
  7 bats
  A giant newt (D:4)
  12 rats
121 creatures vanquished.

Notes
Turn   | Place    | Note
--------------------------------------------------------------
     0 | D:1      | PossumBlood the Formicid Fighter began the quest for the Orb.
     0 | D:1      | Reached XP level 1. HP: 18/18 MP: 1/1
   155 | D:1      | Reached XP level 2. HP: 24/24 MP: 2/2
   322 | D:1      | Reached skill level 4 in Fighting
   627 | D:2      | Found a stormy altar of Qazlal.
   682 | D:2      | Reached XP level 3. HP: 30/30 MP: 3/3
   779 | D:2      | Found a burning altar of Makhleb.
   842 | D:2      | Reached XP level 4. HP: 35/38 MP: 4/4
  1247 | D:3      | Found a faded altar to an unknown god.
  1297 | D:3      | Reached skill level 5 in Fighting
  1297 | D:3      | Reached XP level 5. HP: 44/44 MP: 5/5
  1667 | D:3      | Found a glowing silver altar of Zin.
  1803 | D:3      | Reached XP level 6. HP: 49/52 MP: 6/6
  2274 | D:4      | Found an oddly glowing altar of Pakellas.
  2316 | D:4      | Noticed PossumBlood's ghost (amateur FoFi)
  2318 | D:4      | Noticed an ogre
  2327 | D:4      | Reached skill level 6 in Fighting
  2335 | D:4      | Killed an ogre
  2339 | D:4      | Killed PossumBlood's ghost
  2339 | D:4      | Reached skill level 5 in Armour
  2339 | D:4      | Reached skill level 5 in Shields
  2339 | D:4      | Reached XP level 7. HP: 28/59 MP: 7/7
  2564 | D:4      | Reached skill level 7 in Fighting
  2586 | D:4      | Found an iron altar of Okawaru.
  2594 | D:4      | Became a worshipper of Warmaster Okawaru
  3114 | D:4      | Reached XP level 8. HP: 67/67 MP: 8/8
  3141 | D:5      | Entered Level 5 of the Dungeon
  3371 | D:5      | Reached skill level 8 in Fighting
  3602 | D:5      | Got a distressingly furry robe
  3603 | D:5      | Identified the cursed +1 robe of the Assorted Songs {*Drain rCorr Slay+6} (You found it on level 5 of the Dungeon)
  3701 | D:5      | Reached * piety under Okawaru
  3974 | D:6      | Reached skill level 9 in Fighting
  4083 | D:6      | Found a blossoming altar of Fedhas.
  4111 | D:6      | Reached XP level 9. HP: 50/76 MP: 9/9
  4237 | D:6      | Found an opulent altar of Gozag.
  4888 | D:7      | Noticed Duvessa
  4888 | D:7      | Noticed Dowan
  4902 | D:7      | Killed Dowan
  4904 | D:7      | Killed Duvessa
  4904 | D:7      | Reached ** piety under Okawaru
  5164 | D:7      | You fall through a shaft for 2 floors!
  5171 | D:9      | Noticed a troll
  5187 | D:9      | Killed from afar by an orc priest

Skill      XL: |  1  2  3  4  5  6  7  8 |
---------------+-------------------------+-----
Fighting       | 4 5 6 7 9 |  9.7
Shields        | 4 5 7 |  7.5
Armour         | 4 5 6 |  6.8
Axes           | |  2.0

Action                   |  1- 3 |  4- 6 |  7- 9 || total
-------------------------+-------+-------+-------++-------
Melee: War axe           |   118 |   135 |   237 ||   490
 Abil: Shaft Self        |       |       |     1 ||     1
  Use: Scroll            |     5 |     1 |     6 ||    12
       Potion            |       |     2 |     1 ||     3
  Eat: Bread ration      |       |     2 |     1 ||     3
       Pizza             |       |       |     1 ||     1
Armor: Plate armour      |    73 |    90 |   198 ||   361
       Scale mail        |     1 |       |       ||     1
Dodge: Dodged            |    18 |    32 |    76 ||   126
Block: Shield            |    48 |    83 |   189 ||   320
